 Dungeon Crawl Stone Soup version 0.29.1-14-g9c671dbff4 (webtiles) character file.

Game seed: 4416757577201882394

296 Thatpatchoflichen the Trooper (level 6, 0/49 HPs)
             Began as a Demonspawn Gladiator on Feb 12, 2023.
             Slain by an orc
             ... wielding a +0 war axe
              (5 damage)
             ... on level 5 of the Dungeon.
             The game lasted 00:05:28 (3325 turns).

Thatpatchoflichen the Trooper (DsGl)                Turns: 3325, Time: 00:05:28

Health: 0/49       AC: 14    Str: 23    XL:     6   Next: 12%
Magic:  6/6        EV: 10    Int:  9    God:
Gold:   300        SH:  0    Dex: 23    Spells: 5/5 levels left

rFire   . . .      SeeInvis .   a - +0 long sword
rCold   . . .      Faith    .   (no shield)
rNeg    + . .      Spirit   .   g - +4 chain mail of Birepisi {rN+ Will- Dex+9}
rPois   .          Reflect  .   (helmet restricted)
rElec   .          Harm     .   (no cloak)
rCorr   .          Rampage  .   (no gloves)
Will    .....                   (no boots)
Stlth   ..........              (no amulet)
HPRegen 0.16/turn               j - +6 ring of strength
MPRegen 0.10/turn               (no ring)

@: no status effects
A: antennae 1, thin metallic scales 1
a: no special abilities


You were on level 5 of the Dungeon.
You visited 1 branch of the dungeon, and saw 5 of its levels.

You collected 300 gold pieces.

Inventory:

Hand Weapons
 a - a +0 long sword (weapon)
Missiles
 d - 3 throwing nets (quivered)
 e - a javelin
 n - 11 poisoned darts
Armour
 b - a +0 leather armour
 c - a +0 helmet
 g - the +4 chain mail of Birepisi (worn) {rN+ Will- Dex+9}
   (You found it on level 4 of the Dungeon)

   Dex:       It affects your dexterity (+9).
   rN:        It protects you from negative energy.
   Will:      It decreases your willpower.
Jewellery
 j - a +6 ring of strength (left hand)
Wands
 v - a wand of flame (19)
Scrolls
 f - 4 scrolls of identify {unknown}
 h - a scroll of teleportation {unknown}
 i - a scroll of torment {unknown}
 k - a scroll of butterflies {unknown}
 m - a scroll of summoning {unknown}
 p - a scroll of fear {unknown}
 s - a scroll of blinking {unknown}
 t - a scroll of amnesia {unknown}
 u - 3 scrolls of noise {unknown}
 w - 3 scrolls of magic mapping {unknown}
Potions
 l - 2 potions of flight {unknown}
 q - a potion of resistance {unknown}
 r - a potion of berserk rage {unknown}


   Skills:
 + Level 4.6 Fighting
 + Level 3.3 Long Blades
 - Level 1.7 Throwing
 + Level 1.7 Armour
 - Level 4.0 Dodging


You had 5 spell levels left.
You didn't know any spells.
Your spell library contained the following spells:

 Spells                   Type           Power      Damage    Failure   Level
 Gell's Gravitas          Tloc           0%         N/A       100%        3
 Teleport Other           Tloc           0%         N/A       100%        3
 Dispersal                Tloc           0%         N/A       100%        6


Dungeon Overview and Level Annotations

Branches:
Dungeon (5/15)
 Temple: D:4-7

Altars:
Dithmenos
Qazlal


Innate Abilities, Weirdness & Mutations

You have a pair of small antennae on your head.
You are partially covered in thin metallic scales. (AC +2)


Message History

The gnoll hits you but does no damage.
You slash the gnoll!
You kill the gnoll!
The gnoll barely misses you. The orc barely misses you.
You slash the gnoll!
The gnoll is severely wounded.
The gnoll is no longer moving quickly.
The orc hits you with a +0 war axe. The gnoll barely misses you.
You hit the gnoll.
The gnoll is severely wounded.
The gnoll hits you but does no damage. The orc misses you.
The orc hits you but does no damage. The gnoll hits you with a +0 club.
You completely miss the gnoll.
The gnoll is severely wounded.
The orc hits you but does no damage. The gnoll hits you with a +0 club.
You barely miss the gnoll.
The gnoll is severely wounded.
The orc hits you but does no damage. The gnoll hits you but does no damage.
You hit the gnoll but do no damage.
The gnoll is severely wounded.
The orc barely misses you. The gnoll barely misses you.
You hit the gnoll but do no damage.
The gnoll is severely wounded.
The gnoll hits you with a +0 club.
* * * LOW HITPOINT WARNING * * *
The orc hits you but does no damage. The orc closely misses you.
The gnoll barely misses you.
You hit the gnoll.
The gnoll is almost dead.
The orc barely misses you. The gnoll hits you with a +0 club.
* * * LOW HITPOINT WARNING * * *
You closely miss the gnoll.
The gnoll is almost dead.
The orc misses you. The gnoll hits you but does no damage.
You slash the gnoll!
You kill the gnoll!
The orc hits you with a +0 war axe.
* * * LOW HITPOINT WARNING * * *
You barely miss the orc. The orc hits you with a +0 war axe.
You die...

#########
.......o####
.......)@..#
.........)...#
.............#
............##
...........##
...........#
..........##
.........##


You could see an orc.

Vanquished Creatures
  Blork the orc (D:4)
  A scorpion (D:3)
  2 adders (D:2)
  6 gnolls
  2 dart slugs (D:1)
  2 worms (D:3)
  7 orcs
  5 ball pythons
  4 endoplasms
  3 giant cockroaches
  12 goblins
  5 hobgoblins
  10 jackals
  2 quokkas
  6 bats
  3 frilled lizards
  3 rats (D:1)
74 creatures vanquished.

Notes
Turn   | Place    | Note
-------+----------+-------------------------------------------
     0 | D:1      | Thatpatchoflichen the Demonspawn Gladiator began the quest
                  | for the Orb.
     0 | D:1      | Reached XP level 1. HP: 16/16 MP: 1/1
   168 | D:1      | Gained mutation: You are partially covered in thin metallic
                  | scales. (AC +2) [demonic ancestry]
   168 | D:1      | Reached XP level 2. HP: 23/23 MP: 2/2
   588 | D:1      | Reached XP level 3. HP: 23/28 MP: 3/3
  1114 | D:2      | Found a faded altar of an unknown god.
  1134 | D:2      | Found a shadowy altar of Dithmenos.
  1312 | D:2      | Gained mutation: You have a pair of small antennae on your
                  | head. [demonic ancestry]
  1312 | D:2      | Reached XP level 4. HP: 31/35 MP: 4/4
  2495 | D:3      | Found a stormy altar of Qazlal.
  2618 | D:3      | Noticed a scorpion
  2624 | D:3      | Killed a scorpion
  2625 | D:3      | Reached skill level 1 in Armour
  2625 | D:3      | Reached XP level 5. HP: 14/42 MP: 5/5
  3083 | D:4      | Identified the +4 chain mail of Birepisi {rN+ Will- Dex+9}
  3198 | D:4      | Noticed Blork the orc
  3205 | D:4      | Killed Blork the orc
  3206 | D:4      | Reached XP level 6. HP: 47/49 MP: 6/6
  3294 | D:5      | Entered Level 5 of the Dungeon
  3325 | D:5      | Slain by an orc

Illustrated notes

Levels and vault maps discovered:
D:1:      minmay_arrival_solitary_statue, layout_loops_cross,
          minmay_heptomino_o4
D:2:      layout_rooms, shapermc_ecumenical_altar_pompeii, basic_altar
D:3:      layout_basic, amcnicky_altar_gilded, minmay_misc_feat_columns
D:4:      layout_gridville, nicolae_wu_jian_wuxing_cycle, grunt_decor_junction,
          minmay_misc_feat_roman, uniq_blork_the_orc
D:5:      layout_cave_pods, uniq_menkaure

Skill      XL: |  1  2  3  4 |
---------------+-------------+-----
Dodging        | 3 4 |  4.0
Fighting       | 3 4 |  4.6
Long Blades    | 3 |  3.3
Armour         | 1 |  1.7
Throwing       | |  1.7

Action                   |  1- 3 |  4- 6 || total
-------------------------+-------+-------++-------
Melee: Long sword        |   124 |   105 ||   229
       Punch             |     1 |     2 ||     3
  Use: Potion            |       |     2 ||     2
 Stab: Sleeping          |       |     1 ||     1
Armor: Leather armour    |    75 |     7 ||    82
       Chain mail        |       |    58 ||    58
Dodge: Dodged            |   145 |    99 ||   244
